 Dungeon Crawl Stone Soup version 0.20.1-1-g8b1a95d (webtiles) character file.

77 vineage the Cudgeler (level 4, -4/33 HPs)
             Began as a Demonspawn Gladiator on Sept 23, 2017.
             Slain by Sigmund
             ... wielding a +0 scythe
              (9 damage)
             ... on level 2 of the Dungeon.
             The game lasted 00:02:51 (1559 turns).

vineage the Cudgeler (Demonspawn Gladiator)         Turns: 1559, Time: 00:02:51

Health: -4/33      AC:  5    Str: 16    XL:     4   Next: 13%
Magic:  4/4        EV: 13    Int:  9    God:
Gold:   53         SH:  0    Dex: 14    Spells: 3/3 levels left

rFire    . . .     SeeInvis .   a - +0 flail
rCold    . . .     Gourm    .   (no shield)
rNeg     . . .     Faith    .   b - +0 leather armour
rPois    .         Spirit   .   c - +1 helmet
rElec    .         Reflect  .   (no cloak)
rCorr    .         Harm     .   (no gloves)
MR       .....                  (no boots)
Stlth    +.........             (no amulet)
Regen    0.2/turn               (no ring)
MPRegen  0.1/turn               (no ring)

@: confused, berserk cooldown, slowed, very slow
A: large bone plates 1, demonic guardian 1
a: no special abilities


You were on level 2 of the Dungeon.
You were not hungry.

You visited 1 branch of the dungeon, and saw 2 of its levels.

You collected 53 gold pieces.

Inventory:

Hand Weapons
 a - a +0 flail (weapon)
Missiles
 d - 3 throwing nets (quivered)
Armour
 b - a +0 leather armour (worn)
 c - a +1 helmet (worn)
Scrolls
 e - a scroll of remove curse
 j - 2 scrolls of enchant armour
Potions
 m - a potion of agility
 n - a potion of mutation {unknown}
Comestibles
 f - a bread ration
 k - a meat ration
 l - 2 royal jellies
 o - a chunk of flesh


   Skills:
 + Level 2.1 Fighting
 + Level 3.7 Maces & Flails
 + Level 2.0 Throwing
 + Level 0.8 Armour
 + Level 3.1 Dodging
 + Level 0.4 Stealth


You had 3 spell levels left.
You didn't know any spells.

Dungeon Overview and Level Annotations

Branches:
Dungeon (2/15)

Altars:

Annotations:
D:2 Sigmund


Innate Abilities, Weirdness & Mutations

You are partially covered in large bone plates. (SH +4)
A weak demonic guardian rushes to your aid.


Message History

You feel yourself slow down. The kobold barely misses you.
You closely miss the kobold. Something barely misses you.
You block the kobold's attack. The kobold completely misses you.
Something hits you.
You swap places.
Your shadow imp barely misses something.
The kobold hits your shadow imp but does no damage.
Something hits you!
Your shadow imp disappears in a puff of smoke!
You hit the kobold.
You kill the kobold!
You hear some strange, mumbled words.
Something tries to affect you, but you resist.
Something hits you!
* * * LOW HITPOINT WARNING * * *
You hear some strange, mumbled words.
You are confused.
You see here a kobold corpse.
You're too confused to move!
Something hits you!
You die...

########## #........#
#........#
#........#######
#..............###
......##'####.....#
.#### #{# #.....# #@#
#.....# #.# #.....#
#.####.....#####
#.#....#+###...#
..#..###.# #...#
...##..###.###...###
..<...>.......'...'..
.<.#........###...#..
...#.##########...##.


There were no monsters in sight!

Vanquished Creatures
  An adder (D:2)
  2 oozes (D:1)
  2 worms (D:2)
  A dart slug (D:2)
  A leopard gecko (D:1)
  4 bats
  3 giant cockroaches
  9 goblins
  5 hobgoblins
  4 jackals (D:1)
  4 kobolds
  A quokka (D:2)
  3 frilled lizards (D:1)
  7 rats
47 creatures vanquished.

Notes
Turn   | Place    | Note
-------+----------+-------------------------------------------
     0 | D:1      | vineage the Demonspawn Gladiator began the quest for the Orb.
     0 | D:1      | Reached XP level 1. HP: 16/16 MP: 1/1
   137 | D:1      | Gained mutation: A weak demonic guardian rushes to your aid. [demonic ancestry]
   137 | D:1      | Reached XP level 2. HP: 13/22 MP: 2/2
   630 | D:1      | Reached XP level 3. HP: 5/27 MP: 3/3
  1449 | D:2      | Gained mutation: You are partially covered in large bone plates. (SH +4) [demonic ancestry]
  1449 | D:2      | Reached XP level 4. HP: 32/33 MP: 4/4
  1538 | D:2      | Noticed Sigmund
  1559 | D:2      | Slain by Sigmund

Skill      XL: |  1  2 |
---------------+-------+-----
Maces & Flails | 3 |  3.7
Throwing       | 2 |  2.0
Dodging        | 3 |  3.1
Fighting       | |  2.1
Armour         | |  0.8
Stealth        | |  0.4

Action                   |  1- 3 |  4- 6 || total
-------------------------+-------+-------++-------
Melee: Flail             |   154 |     4 ||   158
  Use: Potion            |     3 |     1 ||     4
       Scroll            |       |     5 ||     5
 Stab: Sleeping          |     1 |       ||     1
       Invisible         |     1 |       ||     1
  Eat: Chunk             |     1 |     1 ||     2
Armor: Leather armour    |    50 |       ||    50
Dodge: Dodged            |    95 |     4 ||    99
Block: Other             |       |     2 ||     2
